 Dungeon Crawl Stone Soup version 0.28-a0-10-g964c8b829e (webtiles) character file.

Game seed: 7899565307763789939

11165 Sin92 the Cleaver (level 11, -2/85 HPs)
             Began as a Demonspawn Fighter on July 25, 2021.
             Was a High Priest of Okawaru.
             Slain by a boulder beetle (44 damage)
             ... on level 9 of the Dungeon.
             The game lasted 00:14:54 (7528 turns).

Sin92 the Cleaver (Demonspawn Fighter)              Turns: 7528, Time: 00:14:55

Health: -2/85      AC: 17    Str: 24    XL:     11   Next: 45%
Magic:  16/16      EV: 11    Int:  9    God:    Okawaru [*****.]
Gold:   385        SH: 18    Dex: 15    Spells: 10/10 levels left

rFire   . . .      SeeInvis .   a - +0 war axe (flame)
rCold   . . .      Faith    .   I - +2 kite shield {reflect}
rNeg    . . .      Spirit   .   z - +3 scale mail
rPois   .          Reflect  +   (no helmet)
rElec   .          Harm     +   (no cloak)
rCorr   .          Rampage  .   (gloves unavailable)
Will    .....                   (no boots)
Stlth   ..........              e - amulet "Ivimmeck" {Reflect Harm SH+5}
HPRegen 0.24/turn               r - +4 ring of protection
MPRegen 0.15/turn               i - +6 ring of strength

@: mighty
A: claws 3, slimy green scales 2, powered by death 2, powered by pain 1
a: Renounce Religion, Heroism, Finesse


You were on level 9 of the Dungeon.
You worshipped Okawaru.
Okawaru was extremely pleased with you.
You visited 2 branches of the dungeon, and saw 10 of its levels.
You also visited: Sewer.

You collected 385 gold pieces.

Inventory:

Hand Weapons
 a - a +0 war axe of flaming (weapon)
 n - the +9 sword of Zonguldrok {reap}
   (You found it on level 7 of the Dungeon)

   Any living foe damaged by it may be reanimated upon death as a zombie
   friendly to the wielder, with an increasing chance as more damage is dealt.
 o - a +1 hand axe of flaming
Missiles
 J - 3 atropa-tipped darts (quivered)
 K - 3 curare-tipped darts
Armour
 b - a +0 scale mail
 c - a +1 kite shield
 m - a +0 pair of gloves
 z - a +3 scale mail (worn)
 I - a +2 kite shield of reflection (worn)
Jewellery
 e - the amulet "Ivimmeck" (around neck) {Reflect Harm SH+5}
   (You acquired it on level 1 of the Dungeon)

   [amulet of reflection]

   It reflects blocked missile attacks.
   SH:        It affects your SH (+5).
   Harm:      It increases damage dealt and taken.
 h - a ring of poison resistance
 i - a +6 ring of strength (right claw)
 p - a ring of wizardry
 r - a +4 ring of protection (left claw)
 v - an amulet of the acrobat
 w - an amulet of reflection
 C - a ring of magical power
 D - an amulet of guardian spirit
Wands
 l - a wand of mindburst (31)
 t - a wand of paralysis (11)
 F - a wand of iceblast (10)
 G - a wand of flame (27)
Scrolls
 d - a scroll of brand weapon
 j - a scroll of fog
 s - 3 scrolls of teleportation
 y - a scroll of magic mapping
 E - a scroll of identify
 H - a scroll of enchant weapon
Potions
 f - 3 potions of mutation
 g - a potion of haste {unknown}
 k - 3 potions of flight
 q - 6 potions of curing
 u - a potion of magic {unknown}
 x - a potion of degeneration {unknown}
 A - 2 potions of lignification {unknown}
 B - a potion of berserk rage {unknown}
 L - a potion of brilliance {unknown}


   Skills:
 + Level 7.7 Fighting
 * Level 9.4 Axes
 + Level 7.0 Armour
 + Level 6.3 Dodging
 + Level 7.0 Shields
 + Level 7.9 Invocations


You had 10 spell levels left.
You didn't know any spells.
Your spell library contained the following spells:

 Spells                   Type           Power      Damage    Failure   Level
 Corona                   Hex            0%         N/A       94%         1
 Freeze                   Ice            0%         1d3       94%         1
 Magic Dart               Conj           0%         1d3       94%         1
 Summon Small Mammal      Summ           0%         N/A       94%         1
 Call Imp                 Summ           0%         N/A       98%         2
 Ensorcelled Hibernation  Hex/Ice        0%         N/A       98%         2
 Call Canine Familiar     Summ           0%         N/A       100%        3
 Dazzling Flash           Conj/Hex       0%         N/A       100%        3
 Frozen Ramparts          Ice            0%         1d2       100%        3
 Gell's Gravitas          Tloc           0%         N/A       100%        3
 Mephitic Cloud           Conj/Pois/Air  0%         N/A       100%        3
 Portal Projectile        Hex/Tloc       0%         N/A       100%        3
 Teleport Other           Tloc           0%         N/A       100%        3
 Tukima's Dance           Hex            0%         N/A       100%        3
 Hailstorm                Conj/Ice       0%         3d3       100%        4
 Leda's Liquefaction      Hex/Erth       0%         N/A       100%        4
 Agony                    Necr           0%         N/A       100%        5
 Silence                  Hex/Air        0%         N/A       100%        5
 Dispersal                Tloc           0%         N/A       100%        6


Dungeon Overview and Level Annotations

Branches:
Dungeon (9/15)             Temple (1/1) D:5           Sewer (visited)
   Lair: D:8-11         Orc: D:9-12

Altars:
Cheibriados
Fedhas
Gozag
Kikubaaqudgha
Makhleb
Okawaru
Qazlal
Ru
Sif Muna
Uskayaw
Vehumet
Wu Jian
Yredelemnul
The Shining One

Shops:
D:6 [


Innate Abilities, Weirdness & Mutations

You have claws for hands.
You are mostly covered in slimy green scales. (AC +3)
You regenerate health from kills.
You sometimes gain a little power by taking damage.


Message History

You hit the boulder beetle but do no damage.
The boulder beetle is heavily wounded.
The boulder beetle leaps!
Unknown command.
No target in view!
Unknown command.
No target in view!
Unknown command.
No target in view!
A boulder beetle is nearby!
Found a spear.
Unknown command.
A boulder beetle is nearby!
The boulder beetle bites you!!
You focus on the pain.
You feel very mighty all of a sudden.
Found 5 gold pieces.
Unknown command.
You are too injured to fight recklessly!
Unknown command.
You are too injured to fight recklessly!
Unknown command.
You are too injured to fight recklessly!
Unknown command.
You are too injured to fight recklessly!
Unknown command.
You are too injured to fight recklessly!
Unknown command.
A boulder beetle is nearby!
You hit the boulder beetle but do no damage.
The boulder beetle is heavily wounded.
You block the boulder beetle's attack.
You slash the boulder beetle! You burn the boulder beetle.
The boulder beetle is severely wounded.
The boulder beetle leaps!
The boulder beetle curls into a ball and begins rolling!
You hit the boulder beetle but do no damage.
The boulder beetle is severely wounded.
The boulder beetle hits you!!!
Ouch! That really hurt!
You die...

.......#.# .#.#..##.# ...
.8.8...#.# .# ... .. ..8..
.......#.# .#.#.# ##
##...## ......## ..##
)#.#" #._.#.##.# .. ###
##.## ......# .. ##.## ...
##.#### .. ##...## ####
.#.#..##.$...## #
.#.#..#...@B°.# #
##.#.#..#.#####°.# #
#..#.#..(.# ○)# #
#.##.#..#.## ## #
#.##.#..#..## #
#.##.#..##..##
#####.##.##..##..##
..............##..## #
#####.##.......###.###....


You could see a boulder beetle (rolling).

Vanquished Creatures
  A boulder beetle (D:7)
  A hydra (D:7)
  2 two-headed ogres
  A tengu warrior (D:9)
  A wizard (D:9)
  A deep elf pyromancer (D:9)
  2 cyclopes (D:9)
  2 manticores (D:9)
  A gargoyle (D:9)
  A kobold demonologist (D:9)
  Prince Ribbit (D:7)
  A shadow (D:9)
  A vampire (D:9)
  A wyvern (D:8)
  5 yaks (D:9)
  2 vampire mosquitoes (D:9)
  2 orc warriors (D:9)
  3 ogres
  A hornet zombie (D:6)
  2 necrophages
  2 sky beasts
  2 centaurs (D:9)
  2 phantoms
  A kobold brigand (Sewer)
  2 bullfrogs
  A wyvern zombie (D:8)
  A gnoll sergeant (D:6)
  5 scorpions
  2 wyvern skeletons (D:7)
  A killer bee (D:7)
  3 wights (D:8)
  6 howler monkeys
  A bullfrog zombie (D:7)
  5 centaur zombies
  2 jellies
  4 orc priests
  4 centaur skeletons
  A gnoll shaman (D:7)
  A bullfrog skeleton (D:7)
  An iron imp (D:3)
  Terence (D:3)
  An iguana (D:4)
  10 orc wizards
  A killer bee zombie (D:8)
  A howler monkey zombie (D:8)
  3 gnolls (D:6)
  3 adders
  A river rat (Sewer)
  A shadow imp (D:7)
  3 white imps
  2 worms (D:4)
  5 dart slugs
  32 orcs
  2 endoplasms (D:3)
  A giant cockroach (D:3)
  6 goblins
  5 hobgoblins
  18 jackals
  3 quokkas
  4 ball pythons
  7 bats
  7 frilled lizards
  10 kobolds
  12 rats
  A spectral orc (D:6)
219 creatures vanquished.

Notes
Turn   | Place    | Note
-------+----------+-------------------------------------------
     0 | D:1      | Sin92 the Demonspawn Fighter began the quest for the Orb.
     0 | D:1      | Reached XP level 1. HP: 18/18 MP: 1/1
   101 | D:1      | Reached skill level 2 in Axes
   106 | D:1      | Gained mutation: You have sharp fingernails. [demonic
                  | ancestry]
   106 | D:1      | Reached XP level 2. HP: 6/24 MP: 2/2
   361 | D:1      | Found a faded altar of an unknown god.
   685 | D:1      | Identified a scroll of acquirement
   685 | D:1      | Acquired the amulet "Ivimmeck" {Reflect Harm SH+5}
   776 | D:1      | Reached XP level 3. HP: 29/29 MP: 3/3
  1352 | D:2      | Reached skill level 1 in Dodging
  1891 | D:3      | Noticed Terence
  1903 | D:3      | Killed Terence
  1904 | D:3      | Reached XP level 4. HP: 29/35 MP: 4/4
  1947 | D:3      | Reached skill level 3 in Axes
  1990 | D:3      | Gained mutation: You are partially covered in slimy green
                  | scales. (AC +2) [demonic ancestry]
  1990 | D:3      | Reached XP level 5. HP: 41/41 MP: 5/5
  2133 | D:3      | Found a snail-covered altar of Cheibriados.
  2142 | D:3      | Found a burning altar of Makhleb.
  2166 | D:3      | Found an ornate altar of the Wu Jian Council.
  2339 | D:4      | Noticed a phantom
  2350 | D:4      | Killed a phantom
  2398 | D:4      | Gained mutation: You sometimes gain a little power by
                  | taking damage. [demonic ancestry]
  2398 | D:4      | Reached XP level 6. HP: 36/48 MP: 6/6
  2636 | D:4      | Found an opulent altar of Gozag.
  2713 | D:4      | Reached skill level 4 in Axes
  2738 | D:4      | Found a glowing drain.
  2751 | Sewer    | Entered a sewer
  3054 | D:4      | Gained mutation: You are mostly covered in slimy green
                  | scales. (AC +3) [demonic ancestry]
  3054 | D:4      | Reached XP level 7. HP: 50/54 MP: 7/7
  3315 | D:5      | Entered Level 5 of the Dungeon
  3421 | D:5      | Found a staircase to the Ecumenical Temple.
  4115 | Temple   | Entered the Ecumenical Temple
  4147 | Temple   | Became a worshipper of Warmaster Okawaru
  4224 | D:6      | Found Paduesm's Armour Boutique.
  4425 | D:6      | Reached skill level 5 in Axes
  4458 | D:6      | Reached skill level 1 in Invocations
  4458 | D:6      | Gained mutation: You have very sharp fingernails. [demonic
                  | ancestry]
  4458 | D:6      | Reached XP level 8. HP: 44/61 MP: 8/8
  4463 | D:6      | Reached * piety under Okawaru
  4693 | D:6      | Reached skill level 5 in Fighting
  4697 | D:6      | Noticed a two-headed ogre
  4705 | D:6      | Killed a two-headed ogre
  4705 | D:6      | Reached ** piety under Okawaru
  4706 | D:6      | Reached skill level 6 in Axes
  4852 | D:6      | Gained mutation: You regenerate a little health from kills.
                  | [demonic ancestry]
  4852 | D:6      | Reached XP level 9. HP: 56/68 MP: 11/11
  4854 | D:6      | Reached skill level 5 in Armour
  4860 | D:6      | Reached skill level 5 in Shields
  5024 | D:6      | Found a basalt altar of Yredelemnul.
  5490 | D:7      | Noticed Prince Ribbit
  5514 | D:7      | Killed Prince Ribbit
  5562 | D:7      | Reached *** piety under Okawaru
  5919 | D:7      | Noticed a six-headed hydra
  5922 | D:7      | Reached skill level 7 in Axes
  5942 | D:7      | Noticed a boulder beetle
  5954 | D:7      | Reached skill level 5 in Invocations
  5960 | D:7      | Found the +9 sword of Zonguldrok {reap}
  5998 | D:7      | Killed a boulder beetle
  5998 | D:7      | Reached **** piety under Okawaru
  5999 | D:7      | Gained mutation: You have claws for hands. [demonic
                  | ancestry]
  5999 | D:7      | Reached XP level 10. HP: 36/76 MP: 12/14
  6024 | D:7      | Killed a one-headed hydra
  6025 | D:7      | Reached skill level 5 in Dodging
  6562 | D:8      | Found a radiant altar of Vehumet.
  6664 | D:8      | Found a stormy altar of Qazlal.
  6758 | D:8      | Reached skill level 8 in Axes
  6911 | D:8      | Found a shimmering blue altar of Sif Muna.
  6932 | D:8      | Got Sif Muna's Collected Works on Summoning
  7013 | D:9      | Noticed a tengu warrior
  7013 | D:9      | Noticed a deep elf pyromancer
  7013 | D:9      | Noticed a gargoyle
  7014 | D:9      | Noticed a wizard
  7014 | D:9      | Noticed a cyclops
  7014 | D:9      | Noticed a manticore
  7014 | D:9      | Noticed a cyclops
  7023 | D:9      | Noticed a two-headed ogre
  7034 | D:9      | Killed a tengu warrior
  7034 | D:9      | Reached ***** piety under Okawaru
  7037 | D:9      | Killed a gargoyle
  7040 | D:9      | Killed a two-headed ogre
  7043 | D:9      | Killed a cyclops
  7043 | D:9      | Received a gift from Okawaru
  7045 | D:9      | Killed a manticore
  7046 | D:9      | Gained mutation: You regenerate health from kills. [demonic
                  | ancestry]
  7046 | D:9      | Reached XP level 11. HP: 48/84 MP: 10/16
  7052 | D:9      | Killed a deep elf pyromancer
  7053 | D:9      | Reached skill level 9 in Axes
  7056 | D:9      | Killed a wizard
  7056 | D:9      | Received a gift from Okawaru
  7438 | D:9      | Found a hide-covered altar of Uskayaw.
  7509 | D:9      | Noticed a boulder beetle
  7528 | D:9      | Slain by a boulder beetle

Illustrated notes

Levels and vault maps discovered:
D:1:      lemuel_arrival_muddy, layout_basic, ebering_ecumenical_altar_rust,
          kennysheep_boxes
D:2:      layout_rooms
D:3:      layout_rooms, bloody_makhleb, slow_altar_1,
          mainiacjoe_overflow_boulevard, grunt_ministairs_13, uniq_terence
D:4:      layout_cave_pools, grunt_gozag_statues,
          nicolae_tso_swordbearing_angel, gup_sewer_entry_bubbles,
          hangedman_decor_points, grunt_decor_junction, hex_medium
D:5:      layout_gridville, minmay_temple_entry_grid
D:6:      layout_rooms, yredelemnul_forgotten_temple_becter, serial_shops, shop,
          kennysheep_generic_room_2
D:7:      minmay_clustersquares, layout_gridville, kennysheep_generic_room_11,
          uniq_prince_ribbit1
D:8:      layout_basic, vehumet_crystals, led_sif_book,
          mainiacjoe_overflow_cross_hatched, serial_undead, serial_undead_e,
          serial_undead_b, serial_undead_c, serial_undead_d
D:9:      minmay_the_grid_octo_tiled_octocenter [minmay_the_grid_octo_shrine,
          minmay_the_grid_octo_concentric, minmay_the_grid_octo_checkered,
          minmay_the_grid_octo_77, minmay_the_grid_octo_prize_square_snowflake,
          minmay_the_grid_square_5x5_tetrominoes, minmay_the_grid_square_5x5_z,
          minmay_the_grid_square_5x5_inner_z, minmay_the_grid_square_5x5_lines],
          layout_loops_ring, nicolae_uskayaw_dance_hall, lair_entry_dummy
Temple:   cyrus_temple_forest

Skill      XL: |  1  2  3  4  5  6  7  8  9 10 11 |
---------------+----------------------------------+-----
Axes           | 2 3 4 5 6 7 8 9 |  9.4
Dodging        | 1 2 3 4 5 6 |  6.3
Armour         | 3 4 5 6 7 |  7.0
Shields        | 3 4 5 6 7 |  7.0
Fighting       | 4 5 6 7 |  7.7
Invocations    | 1 3 5 7 |  7.9

Action                   |  1- 3 |  4- 6 |  7- 9 | 10-12 || total
-------------------------+-------+-------+-------+-------++-------
Melee: War axe           |   134 |   129 |   213 |   162 ||   638
       Hand axe          |       |    10 |       |       ||    10
Invok: Heroism           |       |       |     2 |     1 ||     3
       Finesse           |       |       |       |     1 ||     1
  Use: Scroll            |     5 |     3 |     3 |     1 ||    12
       Potion            |       |       |     1 |     3 ||     4
Armor: Scale mail        |    61 |    45 |    89 |    74 ||   269
Dodge: Dodged            |    35 |    47 |    59 |    50 ||   191
Block: Kite shield       |   120 |   150 |   192 |   171 ||   633
       Reflection        |     2 |     4 |       |     6 ||    12

Table legend: (Time is in decaauts)
 A = Elapsed time spent in this place.
 B = Non-inter-level travel time spent in this place.
 C = Inter-level travel time spent in this place.
 D = Time resting spent in this place.
 E = Time spent auto-exploring this place.
 F = Levels seen in this place.
 G = Mean time per level.
                   A        B        C        D        E       F      G
               +--------+--------+--------+--------+--------+-----+--------+
         Total |   7836 |   7615 |    221 |    666 |   5151 |  11 |  712.4 |
       Dungeon |   7577 |   7377 |    200 |    666 |   4982 |   9 |  841.9 |
        Temple |     54 |     33 |     21 |      0 |     20 |   1 |   54.0 |
         Sewer |    205 |    205 |      0 |      0 |    149 |   1 |  205.0 |
               +--------+--------+--------+--------+--------+-----+--------+

Top non-repeatable levels by time:
     D:1: 1324 daAuts
     D:7: 1265 daAuts
     D:6: 901 daAuts
     D:4: 883 daAuts
     D:5: 829 daAuts
     D:8: 727 daAuts
     D:3: 566 daAuts
     D:2: 555 daAuts
     D:9: 523 daAuts
   Sewer: 205 daAuts
  Temple: 54 daAuts
